Map: Orbital Shipyard

Players

Lobster

  • Race: Zerg Zerg
  • League: Platinum

Fiend - Winner!

  • Race: Terran Terran
  • League: Platinum

VOD

Have the link to the VOD?

Description

Time

  • Played on: March 27, 2016, 3:45 p.m.
  • Length: 17:03
Show
View Real Time Build Order
Export as new Build Order

Lobster Zerg 

Build Orders: Hatch First 

Get SALT Encoding   

  12  0:01  Drone  
  13  0:08  Drone  
  14  0:14  Extractor  
  14  0:16  Drone  
  15  0:22  Overlord  
  15  0:30  Extractor  
  15  0:31  Drone, Extractor  
  16  0:40  Drone  
  17  0:47  Drone  
  18  0:56  Drone  
  19  1:00  Hatchery  
  18  1:07  Drone, Extractor  
  18  1:19  Spawning Pool  
  18  1:21  Drone  
  18  1:28  Drone  
  19  1:38  Drone  
  20  1:49  Drone  
  21  2:02  Drone  
  22  2:09  Roach Warren  
  22  2:10  Drone  
  22  2:11  Metabolic Boost  
  22  2:14  Drone, Queen  
  25  2:24  Drone  
  25  2:25  Drone  
  27  2:32  Overlord  
  27  2:36  Zergling x2  
  28  2:46  Spine Crawler  
  28  2:50  Roach x2  
  31  2:58  Drone  
  31  2:59  Drone  
  31  3:04  Drone  
  34  3:12  Drone  
  35  3:18  Overlord x2  
  35  3:29  Drone  
  35  3:30  Drone  
  36  3:37  Lair  
  36  3:38  Drone  
  36  3:40  Extractor  
  36  3:41  Drone  
  37  3:51  Drone x2  
  39  3:58  Drone  
  39  4:00  Drone  
  41  4:05  Extractor x2  
  39  4:10  Drone  
  39  4:12  Hatchery  
  39  4:14  Drone  
  40  4:18  Queen  
  40  4:20  Hatchery  
  40  4:23  Drone x2  
  43  4:32  Drone  
  43  4:33  Drone, Baneling Nest  
  44  4:41  Drone x3  
  44  4:42  Drone  
  48  4:58  Burrow  
  48  4:59  Tunneling Claws  
  47  5:06  Overlord  
  47  5:07  Overlord  
  47  5:15  Evolution Chamber, Overlord  
  47  5:18  Overlord  
  47  5:21  Centrifical Hooks  
  46  5:24  Drone, Queen  
  46  5:25  Drone  
  50  5:31  Roach  
  50  5:32  Roach x2  
  56  5:36  Roach  
  56  5:37  Drone  
  56  5:38  Drone  
  56  5:41  Roach  
  56  5:42  Drone  
  63  5:45  Roach  
  63  5:47  Drone  
  63  5:49  Roach  
  68  5:53  Drone  
  68  5:54  Roach  
  69  6:17  Glial Reconstitution  
  69  6:21  Roach  
  69  6:23  Queen x2  
  69  6:27  Drone x2  
  69  6:28  Drone x10  
  69  6:29  Hydralisk Den  
  75  6:59  Roach x6  
  75  7:00  Roach, Overlord  
  75  7:01  Overlord x4, Queen  
  88  7:04  Overlord  
  88  7:05  Overlord x2  
  88  7:07  Pneumatized Carapace  
  87  7:09  Roach x2  
  87  7:19  Queen x3  
  92  7:43  Roach x12  
  116  7:50  Evolution Chamber  
  115  7:54  Hydralisk x2  
  115  7:58  Hatchery  
  118  8:09  Roach x12  
  118  8:10  Zergling x2  
  118  8:11  Zergling x12  
  125  8:20  Roach x12  
  125  8:27  Hatchery  
  118  8:45  Roach x16  
  118  8:46  Roach x12  
  118  8:47  Roach  
  118  8:48  Zergling x10  
  122  9:16  Zergling x4  
  122  9:17  Zergling x14  
  100  9:28  Drone x3  
  103  9:38  Baneling x9  
  103  9:39  Baneling x4  
  103  9:42  Zergling x16  
  111  9:49  Drone  
  111  9:50  Drone x2  
  114  9:58  Roach  
  114  9:59  Roach x3  
  122  10:01  Extractor  
  122  10:02  Zergling x2  
  122  10:03  Zergling x10, Extractor  
  126  10:07  Zergling x2  
  126  10:12  Zergling x2  
  126  10:13  Zergling x4  
  130  10:15  Hatchery  
  129  10:23  Roach  
  129  10:24  Roach x6  
  129  10:25  Zergling x4  
  129  10:26  Zergling x4  
  147  10:40  Roach  
  147  10:41  Roach x3  
  147  10:42  Overlord x3  
  155  11:00  Zergling x2  
  155  11:01  Zergling x28  
  170  11:06  Roach, Hydralisk x2  
  170  11:07  Hydralisk  
  174  11:24  Baneling x9  
  174  11:25  Baneling  
  174  11:26  Baneling  
  174  11:30  Zergling x2  
  174  11:31  Zergling x38  
  156  12:02  Roach x11  
  156  12:03  Roach x4  
  149  12:15  Roach  
  135  12:16  Roach x4  
  125  12:37  Zerg Ground Armor Level 1  
  125  12:40  Roach x5  
  135  12:53  Hydralisk  
  135  12:54  Hydralisk x2  
  126  13:17  Spire  
  119  13:23  Hydralisk x2  
  119  13:25  Roach  
  120  14:03  Roach x24, Hatchery  
  113  14:24  Roach x2  
  113  14:25  Roach x5  
  68  14:45  Zergling x2  
  68  14:46  Zergling x12  
  67  14:55  Zergling x6  
  67  15:00  Zergling x4  
  67  15:05  Baneling x3  
  68  15:07  Baneling  
  68  15:08  Baneling  
  68  15:10  Baneling  
  68  15:11  Baneling  
  68  15:13  Baneling  
  68  15:14  Baneling  
  68  15:17  Baneling  
  68  15:18  Baneling  
  68  15:19  Baneling  
  68  15:21  Baneling  
  68  15:22  Baneling  
  68  15:26  Drone  
  68  15:28  Drone  
  70  15:40  Drone  
  70  15:41  Drone x2  
  73  15:47  Baneling  
  73  15:48  Baneling x3  
  73  15:58  Corruptor  
  75  16:16  Drone  
  75  16:17  Drone x4  
  80  16:23  Baneling x2  
  80  16:24  Baneling x2  
  78  16:26  Zergling x6  
  45  16:42  Zergling x2  
  45  16:43  Zergling x6  
Show
View Real Time Build Order
Export as new Build Order

Fiend Terran - Winner!

Build Orders: Reaper Expand, MMM Bio 

Get SALT Encoding   

  12  0:00  SCV  
  13  0:13  SCV  
  14  0:18  Supply Depot  
  14  0:25  SCV  
  15  0:30  Refinery  
  15  0:40  SCV  
  16  0:45  Barracks  
  16  0:52  SCV  
  17  1:04  SCV  
  18  1:17  SCV  
  19  1:32  Orbital Command  
  19  1:34  Reaper  
  20  1:45  Command Center  
  20  2:00  SCV  
  20  2:01  Factory  
  21  2:08  Supply Depot  
  21  2:13  Barracks Reactor  
  21  2:18  SCV, Refinery  
  22  2:30  SCV  
  23  2:47  SCV  
  23  2:48  Factory Tech Lab  
  23  2:49  Marine x2  
  26  2:59  Orbital Command  
  25  3:07  Marine x2  
  25  3:12  Starport  
  27  3:15  Barracks  
  27  3:17  Siege Tank  
  27  3:19  SCV  
  31  3:31  SCV  
  31  3:32  Marine, SCV  
  31  3:33  Marine  
  35  3:43  SCV  
  35  3:45  SCV  
  37  3:50  Marine x2, Supply Depot  
  37  3:52  Medivac  
  37  3:55  SCV  
  42  4:01  SCV  
  43  4:04  Barracks Tech Lab  
  43  4:08  SCV, Marine x2  
  46  4:11  Siege Tank  
  46  4:14  Supply Depot  
  46  4:15  SCV  
  50  4:25  SCV, Barracks  
  50  4:28  Stimpack  
  50  4:29  SCV  
  52  4:34  Refinery  
  52  4:37  SCV  
  53  4:44  Supply Depot  
  53  4:46  SCV  
  53  4:51  Marine x3  
  57  4:57  Engineering Bay  
  57  4:58  SCV x2  
  59  5:03  Engineering Bay, Starport Reactor  
  59  5:09  Marine x3, Barracks  
  62  5:18  Supply Depot  
  62  5:19  Barracks Reactor, Supply Depot  
  62  5:24  Terran Infantry Weapons Level 1  
  62  5:25  SCV x2  
  62  5:26  Marine  
  65  5:35  Siege Tank  
  68  5:37  SCV x2  
  68  5:39  Marine  
  68  5:41  Supply Depot  
  71  5:45  Missile Turret  
  71  5:49  SCV, Missile Turret  
  72  5:51  SCV  
  73  5:58  Liberator  
  73  5:59  Marine x4  
  73  6:00  Barracks Reactor  
  77  6:04  Medivac  
  79  6:11  Marine  
  79  6:13  Siege Tank  
  79  6:16  Marine  
  79  6:17  Marine  
  88  6:20  Marine  
  88  6:21  Marine  
  88  6:24  Terran Infantry Armor Level 1  
  88  6:25  SCV x2  
  92  6:29  Marine  
  93  6:34  Marine  
  94  6:59  Supply Depot x2, Command Center  
  94  7:02  Supply Depot  
  94  7:04  Armory  
  94  7:18  Liberator  
  94  7:19  Refinery  
  94  7:20  SCV, Marine x7  
  94  7:21  Siege Tank  
  105  7:34  Medivac  
  110  7:38  Marine x4  
  110  7:39  Starport  
  114  7:48  Supply Depot x2  
  114  7:52  Combat Shields  
  114  7:57  SCV  
  114  7:58  SCV  
  116  8:14  Marine x6  
  116  8:15  Marine  
  123  8:24  Missile Turret, Barracks  
  123  8:25  Sensor Tower  
  123  8:26  Missile Turret  
  123  8:27  Barracks  
  123  8:30  Barracks  
  123  8:31  Marine  
  123  8:32  Marine  
  108  8:45  Missile Turret  
  108  8:47  Marine  
  108  8:48  Marine x3  
  106  8:49  Marine  
  107  8:57  Marine  
  108  9:03  Marine  
  108  9:05  Marine  
  108  9:06  Marine  
  108  9:07  Marine  
  111  9:15  Marine  
  103  9:21  Marine  
  103  9:23  Marine  
  103  9:24  Marine  
  105  9:25  Marine  
  107  9:33  Marine  
  107  9:37  Supply Depot  
  108  9:39  Siege Tank, Marine, Missile Turret  
  108  9:40  SCV x2  
  108  9:41  Marine  
  108  9:42  Marine, Missile Turret  
  108  9:43  Marine  
  117  9:52  SCV  
  119  9:53  SCV  
  119  9:54  Orbital Command  
  119  9:59  Marine x2  
  121  10:00  Marine  
  121  10:01  Barracks Reactor x2  
  121  10:04  SCV  
  121  10:05  SCV  
  124  10:11  Siege Tank  
  127  10:16  SCV  
  127  10:17  SCV, Marine x2  
  127  10:18  Marine  
  132  10:28  SCV  
  132  10:34  Marine  
  132  10:35  Marine  
  135  10:36  Refinery, Marine  
  135  10:37  Refinery  
  135  10:40  Terran Infantry Weapons Level 2  
  135  10:41  Terran Infantry Armor Level 2  
  135  10:42  SCV x3, Command Center  
  139  10:48  Supply Depot  
  139  10:50  Marine x3  
  139  10:51  Marine  
  139  10:52  Marine  
  139  10:54  SCV  
  145  11:02  SCV x2  
  147  11:07  Marine x2  
  147  11:09  Marine  
  147  11:10  Siege Tank  
  153  11:15  Marine x4  
  157  11:54  SCV x3, Marine x4  
  164  11:59  Liberator x2  
  148  12:12  Marine x5  
  148  12:15  Marine x2  
  153  12:16  Siege Tank  
  159  12:29  Marine x2  
  157  12:30  Marine  
  160  12:39  Marine x4  
  164  12:44  Starport Tech Lab, Factory  
  164  12:47  Marine x3  
  164  12:48  Siege Tank  
  170  12:56  Marine  
  171  13:03  Marine x3  
  171  13:07  Marine  
  172  13:22  Marine  
  172  13:23  Marine x2  
  172  13:25  Marine x4  
  167  13:29  Terran Infantry Armor Level 3, Terran Infantry Weapons Level 3  
  167  13:30  Liberator  
  163  13:40  Marine  
  163  13:41  Marine x2  
  165  13:42  Marine x2  
  165  13:43  Command Center  
  165  13:45  Barracks x2  
  171  14:08  Liberator  
  171  14:09  Planetary Fortress  
  171  14:10  Missile Turret  
  171  14:12  Sensor Tower  
  171  14:14  Missile Turret  
  171  14:17  Marine  
  171  14:23  Medivac, Marine x5, Orbital Command  
  172  14:24  Marine  
  147  14:41  Marine x4  
  147  14:44  Marine  
  149  14:48  Marine  
  150  15:03  Marine x4  
  150  15:04  Marine  
  155  15:16  Marine x2  
  155  15:19  Barracks Reactor x2  
  155  15:21  Marine x2  
  159  15:34  Marine, Marauder  
  159  15:35  Marine  
  163  15:38  Marine x3, Refinery x2  
  163  15:39  Marine  
  167  15:49  Missile Turret  
  167  15:52  Marine  
  167  15:53  Refinery  
  167  15:55  Marine x2  
  167  15:56  Marine  
  171  15:57  Refinery  
  171  16:00  Marine x5  
  176  16:08  Marine  
  176  16:09  Marine  
  176  16:10  Marine  
  179  16:13  Marine x2  
  179  16:14  Siege Tank, Marine  
  179  16:17  Marine  
  179  16:18  Marine  
  187  16:31  Marine  
  147  16:42  Marine  
  147  16:43  Marine x6  
Tags
 
Add a new tag
Caveats
  • Supply blocks, unpowered buildings, or Contaminate may cause inaccurate times.
  • Supply counts are checked every 10 seconds.